 Dungeon Crawl Stone Soup version 0.30-a0-475-g03497ec522 (webtiles) character file.

Game seed: 12253779610309633938

4414 greenreed the Geomancer (level 10, -6/51 HPs)
             Began as a Gargoyle Earth Elementalist on Dec 20, 2022.
             Mangled by a wyvern (9 damage)
             ... on level 8 of the Dungeon.
             The game lasted 00:12:48 (7013 turns).

greenreed the Geomancer (GrEE)                      Turns: 7013, Time: 00:12:49

Health: -6/51      AC: 10    Str: 12    XL:     10   Next: 36%
Magic:  11/23      EV: 16    Int: 20    God:
Gold:   383        SH:  0    Dex: 10    Spells: 27/28 levels left

rFire   . . .      SeeInvis .    I - +5 scythe (venom)
rCold   . . .      Faith    .    (shield currently unavailable)
rNeg    + . .      Spirit   .    a - +0 robe
rPois   ∞          Reflect  .    (no helmet)
rElec   +          Harm     .    (no cloak)
rCorr   .          Rampage  .    (no gloves)
Will    +....                    h - +0 pair of boots
Stlth   ++........               i - amulet of the acrobat
HPRegen 0.28/turn                c - +4 ring of evasion
MPRegen 0.18/turn                m - ring of willpower

@: no status effects
A: sickness immunity, AC +7, negative energy resistance 1, electricity
resistance, torment resistance 1, petrification resistance
a: no special abilities


You were on level 8 of the Dungeon.
You visited 2 branches of the dungeon, and saw 9 of its levels.
You also visited: Ossuary.

You collected 383 gold pieces.

Inventory:

Hand Weapons
 I - a +5 scythe of venom (weapon)
Missiles
 e - 2 throwing nets
Armour
 a - a +0 robe (worn)
 h - a +0 pair of boots (worn)
Jewellery
 c - a +4 ring of evasion (left hand)
 i - an amulet of the acrobat (around neck)
 m - a ring of willpower (right hand)
 q - a ring of resist corrosion
Wands
 f - a wand of acid (13)
 F - a wand of paralysis (6)
 H - a wand of flame (31)
 J - a wand of digging (2)
 K - a wand of iceblast (21)
 M - a wand of polymorph (8)
Scrolls
 d - 3 scrolls of enchant armour
 j - a scroll of enchant weapon
 n - 3 scrolls of amnesia
 r - 5 scrolls of teleportation
 t - 3 scrolls of fog
 u - a scroll of poison
 v - 2 scrolls of immolation
 w - a scroll of magic mapping
 y - a scroll of fear
 L - 2 scrolls of brand weapon
 N - a scroll of blinking {unknown}
 O - a scroll of vulnerability {unknown}
 P - a scroll of butterflies {unknown}
Potions
 b - 3 potions of magic
 g - 3 potions of brilliance {unknown}
 k - a potion of haste {unknown}
 l - 4 potions of curing
 o - a potion of heal wounds
 p - 4 potions of might {unknown}
 s - a potion of ambrosia {unknown}
 x - 2 potions of invisibility {unknown}
 z - a potion of lignification {unknown}
 A - 2 potions of attraction {unknown}
 B - a potion of flight {unknown}
 C - a potion of mutation {unknown}
 D - a potion of resistance {unknown}
 E - a potion of degeneration {unknown}
 G - a potion of berserk rage
 Q - a potion of cancellation {unknown}


   Skills:
 + Level 0.4 Fighting
 + Level 2.8 Dodging
 + Level 3.2 Stealth
 + Level 0.5 Unarmed Combat
 * Level 9.5 Spellcasting
 + Level 0.9 Transmutations
 * Level 12.6 Earth Magic


You had 27 spell levels left.
You knew the following spells:

 Your Spells              Type           Power      Damage    Failure   Level
a - Sandblast             Erth           100%       2d20      1%          1

Your spell library contained the following spells:

 Spells                   Type           Power      Damage    Failure   Level
 Passwall                 Tmut/Erth      30%        N/A       1%          2
 Stone Arrow              Conj/Erth      68%        3d11      1%          3
 Petrify                  Tmut/Erth      36%        N/A       4%          4


Dungeon Overview and Level Annotations

Branches:
Dungeon (8/15)             Temple (1/1) D:4         Ossuary (visited)
   Lair: D:8-11

Altars:
Cheibriados
Dithmenos
Elyvilon
Fedhas
Gozag
Hepliaklqana
Kikubaaqudgha
Nemelex Xobeh
Okawaru
Qazlal
Ru
Trog
Uskayaw
Xom
Zin
The Shining One

Shops:
D:5 (

Annotations:
D:6 1 runed translucent door, cforsyth's ghost, novice TrFi


Innate Abilities, Weirdness & Mutations

You are immune to sickness and miasma.
Your stone body is resilient. (AC +7)
You are immune to poison.
You resist negative energy. (rN+)
You are resistant to electric shocks. (rElec)
You are resistant to unholy torment.
You are immune to petrification.


Message History

Confirm with . or Enter, or press ? or * to list all spells.
Aiming: Sandblast (safe; 1% risk of failure)
Press: ? - help, Shift-Dir - straight line, f/p - basilisk
Aim: a basilisk (severely wounded, 82% to hit)
The blast of sand hits the basilisk!
The basilisk is almost dead.
The basilisk bites you!
* * * LOW HITPOINT WARNING * * *
Unknown command.
Casting: Sandblast (safe; 1% risk of failure)
Confirm with . or Enter, or press ? or * to list all spells.
Aiming: Sandblast (safe; 1% risk of failure)
Press: ? - help, Shift-Dir - straight line, f/p - basilisk
Aim: a basilisk (almost dead, 82% to hit)
The blast of sand hits the basilisk!
You kill the basilisk!
The wyvern closely misses you. x2
Unknown command.
Casting: Sandblast (safe; 1% risk of failure)
Confirm with . or Enter, or press ? or * to list all spells.
Aiming: Sandblast (safe; 1% risk of failure)
Press: ? - help, Shift-Dir - straight line, f - wyvern
Aim: a wyvern (85% to hit)
The blast of sand hits the wyvern.
The wyvern is moderately wounded.
The wyvern bites you.
* * * LOW HITPOINT WARNING * * *
A water moccasin comes into view.
The wyvern barely misses you.
Casting: Sandblast (safe; 1% risk of failure)
Confirm with . or Enter, or press ? or * to list all spells.
Aiming: Sandblast (safe; 1% risk of failure)
Press: ? - help, Shift-Dir - straight line, f/p - wyvern
Aim: a wyvern (moderately wounded, 85% to hit)
The blast of sand hits the wyvern!
The wyvern is severely wounded.
The water moccasin hisses angrily.
The orc shouts!
The wyvern bites you but does no damage.
The wyvern bites you!
You die...

#.# .?. #..##.# ...
#..##.# ... #..##.# #.#
#..##.#####.# #.#
#..##........ # #.#
#..##<.####.#
.####.#.#####..##).......
......o.)l@S..)....####.#
..[...#######.######
##### #.# #.. ####


You could see a water moccasin, a wyvern and an orc.

Vanquished Creatures
  Pikel (D:8)
  Sigmund (D:6)
  2 basilisks (D:8)
  An acid dragon (D:8)
  A water moccasin (D:7)
  2 ice beasts
  An orc warrior (D:6)
  3 black bears
  A centaur (D:7)
  An ogre (D:5)
  A lemure (D:8)
  2 wyvern zombies (Ossuary)
  2 scorpions
  2 bullfrogs (D:6)
  A necrophage (D:7)
  2 water moccasin zombies (Ossuary)
  3 wights (D:7)
  2 howler monkeys
  11 bullfrog zombies (Ossuary)
  4 centaur zombies (Ossuary)
  3 hounds
  2 gnoll boudas (D:7)
  A jelly (D:4)
  3 orc priests (D:6)
  Jessica (D:2)
  10 iguanas
  6 orc wizards
  2 killer bee zombies (Ossuary)
  13 mummies
  13 gnolls
  11 adders
  2 shadow imps (D:6)
  2 white imps (D:6)
  5 ufetubi
  2 worms (D:3)
  A dart slug (D:2)
  32 orcs
  3 ball pythons
  2 endoplasms (D:3)
  3 giant cockroaches
  7 goblins
  3 hobgoblins
  4 jackals (D:2)
  5 kobolds
  6 bats
  A frilled lizard (D:2)
  6 rats
193 creatures vanquished.

Vanquished Creatures (others)
  4 fungi (D:8)
  15 plants
  4 withered plants (Ossuary)
23 creatures vanquished.

Grand Total: 216 creatures vanquished

Notes
Turn   | Place    | Note
-------+----------+-------------------------------------------
     0 | D:1      | greenreed the Gargoyle Earth Elementalist began the quest
                  | for the Orb.
     0 | D:1      | Reached XP level 1. HP: 10/10 MP: 3/3
   516 | D:1      | Reached skill level 4 in Earth Magic
   516 | D:1      | Reached XP level 2. HP: 15/15 MP: 3/5
   969 | D:2      | Noticed Jessica
   972 | D:2      | Killed Jessica
   973 | D:2      | Reached XP level 3. HP: 19/19 MP: 3/6
  1174 | D:2      | Reached XP level 4. HP: 24/24 MP: 6/8
  2016 | D:3      | Noticed a black bear
  2022 | D:3      | Killed a black bear
  2023 | D:3      | Reached skill level 5 in Earth Magic
  2023 | D:3      | Reached XP level 5. HP: 28/28 MP: 3/10
  2538 | D:3      | Reached XP level 6. HP: 32/32 MP: 8/11
  2707 | D:3      | Found a stormy altar of Qazlal.
  2906 | D:4      | Reached skill level 6 in Earth Magic
  2910 | D:4      | Found a bloodstained altar of Trog.
  2920 | D:4      | Found a staircase to the Ecumenical Temple.
  2932 | Temple   | Entered the Ecumenical Temple
  3011 | D:4      | Found an opulent altar of Gozag.
  3050 | D:4      | Found a sand-covered staircase.
  3058 | Ossuary  | Entered an ossuary
  3082 | Ossuary  | Reached XP level 7. HP: 32/36 MP: 0/14
  3093 | Ossuary  | Reached skill level 7 in Earth Magic
  3234 | Ossuary  | Reached skill level 5 in Spellcasting
  3417 | Ossuary  | Reached skill level 8 in Earth Magic
  3430 | Ossuary  | Reached XP level 8. HP: 16/41 MP: 8/16
  3803 | Ossuary  | Reached skill level 9 in Earth Magic
  4316 | D:4      | Found a blossoming altar of Fedhas.
  4317 | D:4      | Found a snail-covered altar of Cheibriados.
  4378 | D:5      | Entered Level 5 of the Dungeon
  4597 | D:5      | Reached XP level 9. HP: 45/45 MP: 16/19
  4687 | D:5      | Reached skill level 10 in Earth Magic
  4775 | D:5      | Found Feklof's Weapon Shop.
  4943 | D:5      | Found a shimmering altar of Xom.
  5157 | D:6      | Noticed Sigmund
  5159 | D:6      | Killed Sigmund
  5673 | D:6      | Found a hide-covered altar of Uskayaw.
  5673 | D:6      | Found a glowing silver altar of Zin.
  5673 | D:6      | Found a sacrificial altar of Ru.
  5724 | D:6      | Found a runed translucent door.
  5728 | D:6      | Noticed cforsyth's ghost (novice TrFi)
  6289 | D:7      | Reached skill level 11 in Earth Magic
  6303 | D:7      | Found an ancient bone altar of Kikubaaqudgha.
  6562 | D:7      | Reached XP level 10. HP: 48/50 MP: 15/22
  6935 | D:8      | Reached skill level 12 in Earth Magic
  7000 | D:8      | Noticed Pikel
  7008 | D:8      | Killed Pikel
  7013 | D:8      | Mangled by a wyvern

Illustrated notes

Levels and vault maps discovered:
D:1:      dpeg_arrival_subterranean_lakeside_camping, layout_basic,
          minmay_misc_feat_tiny, palyth_stone_intersect,
          minmay_tree_intersection
D:2:      minmay_door_path, layout_basic, uniq_jessica
D:3:      layout_loops_ring, mainiacjoe_overflow_alcove_4
D:4:      layout_rooms, kennysheep_little_box, gammafunk_temple_overflow_pools,
          mainiacjoe_overflow_paths, minmay_temple_entry_overgrown,
          gup_ossuary_entry_pyramid
D:5:      layout_rooms, tgw_xom, serial_shops, nicolae_square_shop
D:6:      layout_gridville, gammafunk_temple_overflow_forgotten,
          ebering_ghost_inner_flame, serial_demonic, serial_demonic_e,
          serial_demonic_c, serial_demonic_g, serial_demonic_e, uniq_sigmund
D:7:      layout_rooms, marbit_many_paths
D:8:      layout_loops_ring, old_standard_altar, minmay_lair_entry_grove,
          serial_aquarium, aquarium_bridge_straight [aquarium_subvault_bridge,
          aquarium_subvault_window, aquarium_subvault_bridge,
          aquarium_subvault_wall], aquarium_window_corner, aquarium_window_fake,
          aquarium_window_fake, aquarium_view_2d, aquarium_pool_side,
          serial_shops, nicolae_shop_window_shopping, uniq_pikel
Temple:   hellmonk_temple_rainy

Skill      XL: |  1  2  3  4  5  6  7  8  9 10 |
---------------+-------------------------------+-----
Earth Magic    | 4 5 6 8 9 11 12 | 12.6
Spellcasting   | 3 4 5 6 8 9 |  9.5
Dodging        | 2 |  2.8
Stealth        | 3 |  3.2
Fighting       | |  0.4
Unarmed Combat | |  0.5
Transmutations | |  0.9

Action                   |  1- 3 |  4- 6 |  7- 9 | 10-12 || total
-------------------------+-------+-------+-------+-------++-------
Melee: Unarmed           |    16 |       |    60 |       ||    76
       Halberd           |       |       |     1 |       ||     1
 Cast: Sandblast         |    34 |    80 |   218 |    38 ||   370
  Use: Scroll            |       |       |     8 |     3 ||    11
Armor: Robe              |     9 |     7 |    49 |     7 ||    72
Dodge: Dodged            |    51 |    38 |   151 |    26 ||   266

Table legend: (Time is in decaauts)
 A = Elapsed time spent in this place.
 B = Non-inter-level travel time spent in this place.
 C = Inter-level travel time spent in this place.
 D = Time resting spent in this place.
 E = Time spent auto-exploring this place.
 F = Levels seen in this place.
 G = Mean time per level.
                   A        B        C        D        E       F      G
               +--------+--------+--------+--------+--------+-----+--------+
         Total |   7213 |   7090 |    123 |    292 |   5519 |  10 |  721.3 |
       Dungeon |   6249 |   6126 |    123 |    224 |   4923 |   8 |  781.1 |
        Temple |     17 |     17 |      0 |      0 |      0 |   1 |   17.0 |
       Ossuary |    946 |    946 |      0 |     68 |    596 |   1 |  946.0 |
               +--------+--------+--------+--------+--------+-----+--------+

Top non-repeatable levels by time:
     D:3: 1154 daAuts
     D:6: 1141 daAuts
     D:2: 979 daAuts
 Ossuary: 946 daAuts
     D:1: 808 daAuts
     D:7: 747 daAuts
     D:5: 678 daAuts
     D:4: 594 daAuts
     D:8: 146 daAuts
  Temple: 17 daAuts
